 Dungeon Crawl Stone Soup version 0.28.0-47-ge53b351184 (webtiles) character file.

Game seed: 12833695708021663225

7 NinjaNoafa the Firebug (level 1, 0/15 HPs)
             Began as a Draconian Fire Elementalist on Apr 26, 2022.
             Slain by a giant cockroach (1 damage)
             ... on level 1 of the Dungeon.
             The game lasted 00:00:42 (68 turns).

NinjaNoafa the Firebug (Draconian Fire Elementalist)  Turns: 68, Time: 00:00:43

Health: 0/15       AC:  4    Str: 10    XL:     1   Next: 83%
Magic:  1/3        EV: 12    Int: 15    God:
Gold:   0          SH:  0    Dex: 11    Spells: 3/4 levels left

rFire   . . .      SeeInvis .   a - +0 whip
rCold   . . .      Faith    .   (no shield)
rNeg    . . .      Spirit   .   (armour unavailable)
rPois   .          Reflect  .   (helmet restricted)
rElec   .          Harm     .   (no cloak)
rCorr   .          Rampage  .   (no gloves)
Will    .....                   (no boots)
Stlth   ++........              (no amulet)
HPRegen 0.05/turn               (no ring)
MPRegen 0.08/turn               (no ring)

@: no status effects
A: AC +4, unfitting armour, cold-blooded
a: no special abilities


You were on level 1 of the Dungeon.
You visited 1 branch of the dungeon, and saw 1 of its levels.

Inventory:

Hand Weapons
 a - a +0 whip (weapon)


   Skills:
 + Level 0.4 Fighting
 + Level 1.9 Dodging
 - Level 1.7 Stealth
 + Level 2.1 Spellcasting
 + Level 1.2 Conjurations
 + Level 3.1 Fire Magic


You had 3 spell levels left.
You knew the following spells:

 Your Spells              Type           Power      Damage    Failure   Level
a - Foxfire               Conj/Fire      32%        2x1d5     9%          1

Your spell library contained the following spells:

 Spells                   Type           Power      Damage    Failure   Level
 Scorch                   Fire           20%        2d6       10%         2
 Conjure Flame            Conj/Fire      8%         6-21      26%         3
 Inner Flame              Hex/Fire       6%         N/A       34%         3
 Flame Wave               Conj/Fire      8%         2d5       65%         4


Dungeon Overview and Level Annotations

Branches:
Dungeon (1/15)

Altars:


Innate Abilities, Weirdness & Mutations

Your plain brown scales are hard. (AC +4)
You cannot fit into any form of body armour.
You are cold-blooded and may be slowed by cold attacks.


Message History

You hit the hobgoblin but do no damage.
The hobgoblin is severely wounded.
The hobgoblin closely misses you. x2
You closely miss the hobgoblin. The hobgoblin barely misses you.
The hobgoblin hits you but does no damage.
The hobgoblin closely misses you.
You hit the hobgoblin but do no damage. The hobgoblin barely misses you.
The hobgoblin closely misses you.
The hobgoblin hits you but does no damage.
You hit the hobgoblin.
The hobgoblin is moderately wounded.
The hobgoblin hits you. x2
* * * LOW HITPOINT WARNING * * *
The hobgoblin misses you.
You barely miss the hobgoblin. You tail-slap the hobgoblin.
The hobgoblin is almost dead.
The hobgoblin hits you but does no damage. x2
The hobgoblin closely misses you.
You hit the hobgoblin.
You kill the hobgoblin!
The hobgoblin misses you. The hobgoblin completely misses you.
You hit the kobold but do no damage. You tail-slap the kobold.
You kill the kobold!
The hobgoblin closely misses you. x2
The hobgoblin barely misses you. The hobgoblin closely misses you.
Things that are here:
a +0 whip; a kobold corpse
a - a +0 whip The hobgoblin hits you.
* * * LOW HITPOINT WARNING * * *
The hobgoblin barely misses you.
a - a +0 whip (weapon)
The giant cockroach misses you. The hobgoblin misses you.
The hobgoblin closely misses you.
The giant cockroach bites you but does no damage.
The giant cockroach barely misses you. The giant cockroach barely misses you.
The hobgoblin hits you but does no damage.
The giant cockroach bites you.
You die...

#..§≈..≈≈≈ #.#.≈.§≈..
#.#.≈§...§ #.#§≈≈≈≈≈§
#.#......§ ######
#...#..≈§. #....#
##.....≈≈§
#..g.#######.B##.....
#†gB@.......K......§.
#....############...#
###### ##.## ###


You could see a giant cockroach and 2 hobgoblins.

Vanquished Creatures
  An endoplasm (D:1)
  2 hobgoblins (D:1)
  A quokka (D:1)
  A ball python (D:1)
  A kobold (D:1)
6 creatures vanquished.

Vanquished Creatures (others)
  10 foxfires (D:1)
10 creatures vanquished.

Grand Total: 16 creatures vanquished

Notes
Turn   | Place    | Note
-------+----------+-------------------------------------------
     0 | D:1      | NinjaNoafa the Draconian Fire Elementalist began the quest
                  | for the Orb.
     0 | D:1      | Reached XP level 1. HP: 14/14 MP: 3/3
    68 | D:1      | Slain by a giant cockroach

Illustrated notes

Levels and vault maps discovered:
D:1:      ebering_hopf_link, layout_rooms,
          shapermc_ecumenical_altar_starsandcircs, chequers_serial_rivers_room_b

Action                   || total
-------------------------++-------
Melee: Unarmed           ||     9
       Tailslap          ||     2
 Cast: Foxfire           ||     5
  Use: Scroll            ||     1
Armor: Skin              ||     8
Dodge: Dodged            ||    24
